 Dungeon Crawl Stone Soup version 0.22-a0-417-g1387785 (webtiles) character file.

43 Kairos the Chopper (level 3, 28/28 HPs)
             Began as a Demonspawn Gladiator on May 14, 2018.
             Quit the game on level 2 of the Dungeon.
             The game lasted 00:01:19 (751 turns).

Kairos the Chopper (Demonspawn Gladiator)            Turns: 751, Time: 00:01:20

Health: 28/28      AC:  4    Str: 15    XL:     3   Next: 37%
Magic:  3/3        EV: 15    Int:  9    God:
Gold:   67         SH:  0    Dex: 14    Spells: 2/2 levels left

rFire    . . .     SeeInvis .   a - +0 war axe
rCold    . . .     Gourm    .   (no shield)
rNeg     . . .     Faith    .   b - +0 leather armour
rPois    .         Spirit   .   c - +0 helmet
rElec    .         Reflect  .   (no cloak)
rCorr    .         Harm     .   (no gloves)
MR       .....                  (no boots)
Stlth    +.........             (no amulet)
HPRegen  0.09/turn              (no ring)
MPRegen  0.08/turn              (no ring)

@: no status effects
A: repulsion field 1
a: no special abilities


You were on level 2 of the Dungeon.
You were not hungry.

You visited 1 branch of the dungeon, and saw 2 of its levels.

You collected 67 gold pieces.

Inventory:

Hand Weapons
 a - a +0 war axe (weapon)
Missiles
 d - 3 throwing nets (quivered)
Armour
 b - a +0 leather armour (worn)
 c - a +0 helmet (worn)
Scrolls
 g - a scroll of enchant weapon {unknown}
Potions
 e - a potion of mutation {unknown}
 h - 2 potions of agility {unknown}
Comestibles
 f - 3 rations


   Skills:
 + Level 2.8 Fighting
 + Level 3.2 Axes
 + Level 1.7 Throwing
 + Level 0.2 Armour
 + Level 3.0 Dodging


You had 2 spell levels left.
You didn't know any spells.
Your spell library was empty.

Dungeon Overview and Level Annotations

Branches:
Dungeon (2/15)

Altars:
Dithmenos


Innate Abilities, Weirdness & Mutations

You are surrounded by a mild repulsion field. (EV +2)


Message History

The bat is severely wounded.
The bat completely misses you. The bat hits you but does no damage.
You hit the bat.
You kill the bat!
No target in view!
No target in view!
No target in view!
No target in view!
No target in view!
No target in view!
No target in view!
No target in view!
No target in view!
No target in view!
A kobold comes into view. It is wielding a short sword.
A kobold is nearby!
A kobold is nearby!
A kobold is nearby!
A kobold is nearby!
Are you sure you want to abandon this character and quit the game? (Confirm with "yes".)

............#...#
#......
........###...#.#
#.##### ...####.#
##.##.######.# .
#.# #.##........#
.. #.#
#.##.######## ##
...#.#.####.##.#
##.
.............##.#
##.(
#.#.#.#.....###.#
#######..#
#.#####@# ..#
#...†...#§ #
#.#.#####.#####.§§
#.#.......<.....#§
#K#..####.###....#
#.# #.# #....§ ...
#.# #.###. ... ..#
#. . ... ### .


You could see a kobold.

Vanquished Creatures
  An ooze (D:1)
  2 dart slugs (D:1)
  A leopard gecko (D:1)
  2 ball pythons
  4 bats
  4 giant cockroaches (D:1)
  4 hobgoblins (D:1)
  5 kobolds
  5 frilled lizards
  5 rats
33 creatures vanquished.

Vanquished Creatures (others)
  A dart slug (D:1)
  A frilled lizard (D:1)
2 creatures vanquished.

Grand Total: 35 creatures vanquished

Notes
Turn   | Place    | Note
-------+----------+-------------------------------------------
     0 | D:1      | Kairos the Demonspawn Gladiator began the quest for the Orb.
     0 | D:1      | Reached XP level 1. HP: 16/16 MP: 1/1
    46 | D:1      | Gained mutation: You are surrounded by a mild repulsion field. (EV +2) [demonic ancestry]
    46 | D:1      | Reached XP level 2. HP: 19/23 MP: 2/2
   268 | D:1      | Reached XP level 3. HP: 28/28 MP: 3/3
   685 | D:2      | Found a shadowy altar of Dithmenos.
   751 | D:2      | Quit the game

Vault maps used:
D:1:      scummos_arrival_hexagon, lemuel_flame_loot_1
D:2:      marbit_many_paths, grunt_decor_resistance,
          grunt_dithmenos_smoke_and_mirrors

Skill      XL: |  1  2  3 |
---------------+----------+-----
Axes           | 3 |  3.2
Dodging        | 3 |  3.0
Fighting       | |  2.8
Throwing       | |  1.7
Armour         | |  0.2

Action                   || total
-------------------------++-------
Melee: War axe           ||    76
Armor: Leather armour    ||    23
Dodge: Dodged            ||    70

Table legend:
 A = Spawn XP
 B = Non-spawn XP
 C = Spawn XP percentage of total XP
 D = Spawn monster count
 E = Non-spawn monster count
 F = Spawn count percentage of total count
 G = Total turns spent on level
                    A         B        C        D         E        F      G
               +---------+---------+-------+---------+---------+-------+---------
         Total |       0 |      62 |   0.0 |       0 |      33 |   0.0 |   751
               +---------+---------+-------+---------+---------+-------+---------
           D:1 |       0 |      55 |   0.0 |       0 |      28 |   0.0 |   662
           D:2 |       0 |       7 |   0.0 |       0 |       5 |   0.0 |    89
               +---------+---------+-------+---------+---------+-------+---------
